 Dungeon Crawl Stone Soup version 0.22-a0-3-g4fa69d9 (webtiles) character file.

380 tilp the Conjurer (level 6, -1/45 HPs)
             Began as a Draconian Conjurer on Dec 29, 2017.
             Slain by an ogre
             ... wielding a +0 giant club
              (15 damage)
             ... on level 4 of the Dungeon on Jan 1, 2018.
             The game lasted 00:14:00 (4306 turns).

tilp the Conjurer (Draconian Conjurer)              Turns: 4306, Time: 00:14:01

Health: -1/45      AC:  7    Str: 10    XL:     6   Next: 46%
Magic:  6/9        EV: 12    Int: 17    God:
Gold:   134        SH:  0    Dex: 12    Spells: 3/9 levels left

rFire    . . .     SeeInvis .   y - +2 dagger (flame)
rCold    . . .     Gourm    .   (no shield)
rNeg     . . .     Faith    .   (armour unavailable)
rPois    .         Spirit   .   (helmet restricted)
rElec    .         Reflect  .   (no cloak)
rCorr    .         Harm     .   (no gloves)
MR       .....                  i - +0 pair of boots
Stlth    ++........             (no amulet)
HPRegen  0.15/turn              (no ring)
MPRegen  0.11/turn              (no ring)

@: no status effects
A: unfitting armour, cold-blooded, AC +6
a: no special abilities


You were on level 4 of the Dungeon.
You were hungry.

You visited 1 branch of the dungeon, and saw 4 of its levels.
You also visited: Sewer.

You collected 134 gold pieces.

Inventory:

Hand Weapons
 y - a +2 dagger of flaming (weapon)
Missiles
 h - 62 stones
 t - 2 javelins (quivered)
Armour
 i - a +0 pair of boots (worn)
Wands
 p - a wand of paralysis (15)
 u - a wand of random effects (15)
 w - a wand of iceblast (7)
Scrolls
 d - a scroll of blinking {unknown}
 f - a scroll of magic mapping
 j - a scroll of remove curse
 k - a scroll of fear {unknown}
 n - a scroll of enchant weapon {unknown}
 r - a scroll of teleportation
Potions
 c - 2 potions of agility {unknown}
 g - 5 potions of heal wounds
 l - 4 potions of curing
 o - a potion of resistance {unknown}
 q - a potion of cancellation {unknown}
 s - 2 potions of brilliance {unknown}
 v - a potion of haste {unknown}
 x - 2 potions of flight {unknown}
 z - a potion of might {unknown}
Books
 a - a book of Conjurations

   Spells                             Type                      Level
   a - Magic Dart                     Conjuration                  1
   b - Searing Ray                    Conjuration                  2
   c - Dazzling Spray                 Conjuration/Hexes            3
   d - Fulminant Prism                Conjuration/Hexes            4
   e - Force Lance                    Conjuration/Translocation    4
   f - Iskenderun's Mystic Blast      Conjuration                  4
Comestibles
 b - 6 rations


   Skills:
 - Level 1.7 Dodging
 - Level 1.7 Stealth
 - Level 2.0 Spellcasting
 + Level 7.9 Conjurations


You had 3 spell levels left.
You knew the following spells:

 Your Spells              Type           Power        Failure   Level  Hunger
a - Magic Dart            Conj           ####         1%          1    #......
b - Searing Ray           Conj           ####..       1%          2    ###....
c - Dazzling Spray        Conj/Hex       ###...       12%         3    ###....


Dungeon Overview and Level Annotations

Branches:
Dungeon (4/15)
 Temple: D:4-7

Altars:
Elyvilon

Annotations:
D:4 Squigly's ghost, amateur SpEn


Innate Abilities, Weirdness & Mutations

Your plain brown scales are hard. (AC +6)
You cannot fit into any form of body armour.
You are cold-blooded and may be slowed by cold attacks.


Message History

Ouch! That really hurt!
* * * LOW HITPOINT WARNING * * *
The phantom blinks!
Aiming: Paralyse
Press: ? - help, Shift-Dir - straight line, f/p - ogre
Aim: an ogre, wielding a giant club (moderately wounded, chance to defeat MR: 46%)
Okay, then.
Unknown command.
You feel much better. The ogre hits you with a giant club!
Aiming: Paralyse
Press: ? - help, Shift-Dir - straight line, f/p - ogre
Aim: an ogre, wielding a giant club (moderately wounded, chance to defeat MR: 46%)
The ogre resists with some effort.
The centaur zombie hits you.
The phantom blinks!
The ogre hits you but does no damage.
Aiming: Paralyse
Press: ? - help, Shift-Dir - straight line, f/p - ogre
Aim: an ogre, wielding a giant club (moderately wounded, chance to defeat MR: 46%)
The ogre resists with some effort.
The centaur zombie hits you. The ogre hits you with a giant club!
You die...

*,,** #,,*###..##
,*,,**#.###...##
,,,,,,#......W#
,,,,,,........###
*,,,,,..........##
**,,,*#######)...# *****
###.r# #ZO# #####.@# *###*
###......#
*#..,**#........##########
*#..*,,..######...........####
#..******* ###########....##
..** #####.##..# .#*
#.........# .## #.......[.#
..####### ##### #...≈≈≈...#


You could see a phantom, an ogre, a centaur zombie and a quokka.

Vanquished Creatures
  2 big kobolds (Sewer)
  Ijyb (D:3)
  A worker ant (D:4)
  7 adders
  A river rat (D:4)
  3 oozes
  3 worms
  A dart slug (D:2)
  2 leopard geckos
  13 bats
  6 giant cockroaches
  5 goblins
  10 hobgoblins
  19 kobolds
  3 quokkas
  4 ball pythons
  6 frilled lizards
  13 rats
100 creatures vanquished.

Notes
Turn   | Place    | Note
-------+----------+-------------------------------------------
     0 | D:1      | tilp the Draconian Conjurer began the quest for the Orb.
     0 | D:1      | Reached XP level 1. HP: 14/14 MP: 3/3
   319 | D:1      | Reached XP level 2. HP: 20/20 MP: 3/5
   407 | D:1      | Learned a level 2 spell: Searing Ray
   840 | D:1      | Reached skill level 5 in Conjurations
   851 | D:1      | Reached XP level 3. HP: 26/26 MP: 0/6
  1312 | D:2      | Learned a level 3 spell: Dazzling Spray
  1742 | D:2      | Reached XP level 4. HP: 33/33 MP: 2/7
  2292 | D:2      | Found a white marble altar of Elyvilon.
  2410 | D:3      | Reached skill level 6 in Conjurations
  2726 | D:3      | Noticed Ijyb
  2910 | D:3      | Killed Ijyb
  2910 | D:3      | Reached XP level 5. HP: 35/38 MP: 0/8
  3382 | D:4      | Noticed Squigly's ghost (amateur SpEn)
  3440 | D:4      | Found a glowing drain.
  3538 | Sewer    | Entered a sewer
  3755 | Sewer    | Reached skill level 7 in Conjurations
  3755 | Sewer    | Reached XP level 6. HP: 40/45 MP: 1/9
  4268 | D:4      | Upgraded the game from 0.21-a0-634-gaf8bc5d to 0.22-a0-3-g4fa69d9
  4306 | D:4      | Slain by an ogre

Vault maps used:
D:1:      minmay_arrival_widening_spiral_wide
D:2:      lemuel_coloured_pillars_altar
D:3:      first_ration, uniq_ijyb
D:4:      gammafunk_temple_overflow_wave, portal_sewer_entry_a,
          minmay_joined_circles
Sewer:    kennysheep_pipe_town

Skill      XL: |  1  2  3  4  5 |
---------------+----------------+-----
Conjurations   | 5 6 7 |  7.9
Dodging        | |  1.7
Stealth        | |  1.7
Spellcasting   | |  2.0

Action                   |  1- 3 |  4- 6 || total
-------------------------+-------+-------++-------
Melee: Short sword       |     2 |       ||     2
       Whip              |    14 |    44 ||    58
       Tailslap          |     2 |     4 ||     6
       Dagger            |       |     7 ||     7
 Cast: Magic Dart        |    80 |    74 ||   154
       Searing Ray       |     2 |    17 ||    19
Evoke: Wand              |       |     3 ||     3
  Use: Scroll            |       |     3 ||     3
       Potion            |       |     3 ||     3
 Stab: Sleeping          |       |     1 ||     1
  Eat: Chunk             |     4 |    10 ||    14
Armor: Skin              |    10 |    27 ||    37
Dodge: Dodged            |     7 |    59 ||    66

Table legend:
 A = Spawn XP
 B = Non-spawn XP
 C = Spawn XP percentage of total XP
 D = Spawn monster count
 E = Non-spawn monster count
 F = Spawn count percentage of total count
 G = Total turns spent on level
                    A         B        C        D         E        F      G
               +---------+---------+-------+---------+---------+-------+---------
         Total |       0 |     544 |   0.0 |       0 |     100 |   0.0 |  4306
               +---------+---------+-------+---------+---------+-------+---------
           D:1 |       0 |      46 |   0.0 |       0 |      27 |   0.0 |  1383
           D:2 |       0 |      93 |   0.0 |       0 |      26 |   0.0 |   981
           D:3 |       0 |     109 |   0.0 |       0 |      17 |   0.0 |  1051
           D:4 |       0 |      52 |   0.0 |       0 |       6 |   0.0 |   230
         Sewer |       0 |     244 |   0.0 |       0 |      24 |   0.0 |   661
               +---------+---------+-------+---------+---------+-------+---------
